 Dungeon Crawl Stone Soup version 0.28.0-53-g5a82cb258f (webtiles) character file.

Game seed: 7846614830623610925

136 mcbry74 the Chopper (level 4, -8/40 HPs)
             Began as a Minotaur Fighter on July 12, 2022.
             Mangled by an ogre
             ... wielding a +0 giant spiked club
              (12 damage)
             ... on level 3 of the Dungeon.
             The game lasted 00:03:29 (1580 turns).

mcbry74 the Chopper (Minotaur Fighter)              Turns: 1580, Time: 00:03:30

Health: -8/40      AC:  7    Str: 21    XL:     4   Next: 98%
Magic:  3/3        EV:  9    Int:  7    God:
Gold:   72         SH:  4    Dex:  9    Spells: 3/3 levels left

rFire   . . .      SeeInvis .   a - +0 war axe
rCold   . . .      Faith    .   c - +0 buckler
rNeg    . . .      Spirit   .   b - +0 scale mail
rPois   .          Reflect  .   (helmet restricted)
rElec   .          Harm     .   (no cloak)
rCorr   .          Rampage  .   (no gloves)
Will    .....                   (no boots)
Stlth   ..........              (no amulet)
HPRegen 0.13/turn               (no ring)
MPRegen 0.08/turn               (no ring)

@: no status effects
A: horns 2, retaliatory headbutt
a: no special abilities


You were on level 3 of the Dungeon.
You visited 1 branch of the dungeon, and saw 3 of its levels.

You collected 72 gold pieces.

Inventory:

Hand Weapons
 a - a +0 war axe (weapon)
Missiles
 f - 5 javelins (quivered)
 j - a throwing net
Armour
 b - a +0 scale mail (worn)
 c - a +0 buckler (worn)
Scrolls
 e - 2 scrolls of identify {unknown}
 k - a scroll of brand weapon {unknown}
 l - a scroll of immolation {unknown}
Potions
 d - 2 potions of might
 g - a potion of curing {unknown}
 h - a potion of lignification {unknown}
 i - a potion of ambrosia {unknown}


   Skills:
 - Level 4.0 Fighting
 * Level 4.9 Axes
 + Level 4.8 Armour
 - Level 4.0 Shields


You had 3 spell levels left.
You didn't know any spells.
Your spell library contained the following spells:

 Spells                   Type           Power      Damage    Failure   Level
 Animate Skeleton         Necr           0%         N/A       85%         1
 Pain                     Necr           0%         1d4       85%         1
 Shock                    Conj/Air       0%         1d3       85%         1
 Swiftness                Air            0%         N/A       99%         3
 Vampiric Draining        Necr           0%         2d6       99%         3
 Airstrike                Air            0%         N/A       100%        4


Dungeon Overview and Level Annotations

Branches:
Dungeon (3/15)

Altars:

Shops:
D:3 (


Innate Abilities, Weirdness & Mutations

You have a pair of horns on your head.
You reflexively headbutt those who attack you in melee.


Message History

You feel sick.
You are no longer poisoned.
Things that are here:
a +0 club; a goblin corpse You start resting.
You hear the slow rusting of a distant drain.
Found a book of Necromancy.
Found a scroll labelled HAPSUL ODOMU.
Found 8 gold pieces.
An endoplasm comes into view.
The endoplasm quivers.
You see here a book of Necromancy.
You pick up a book of Necromancy and begin reading...
You add the spells Pain, Animate Skeleton and Vampiric Draining to your library.
You slash the endoplasm!
You kill the endoplasm!
You start resting.
You hear the slow rusting of a drain nearby.
You start resting.
You hear the rusting of a drain nearby.
You enter the shallow water.
Moving in this stuff is going to be slow.
Your unstable footing causes you to fumble your attack.
You slash the plant!
The plant begins to die.
The plant is lightly damaged.
A nearby plant withers and dies.
You now have 72 gold pieces (gained 8).
An ogre comes into view. It is wielding a +0 giant spiked club.
The ogre shouts!
The ogre hits you with a +0 giant spiked club.
You slash the ogre!
The ogre is moderately wounded.
The ogre hits you with a +0 giant spiked club!!
Ouch! That really hurt!
* * * LOW HITPOINT WARNING * * *
You hear an angry hiss.
You completely miss the ogre. You headbutt the ogre.
The ogre is moderately wounded.
The ogre hits you with a +0 giant spiked club!
You die...

#. ...# #. ...
##. ..# ....>
.. ..# ......
#.#..## ......
.#####.....####
....∩.
≈≈......O......
......
#...@#.#...#
..... P
♣....#.#...#
..# ≈≈
♣....#.#...#
.#.#
≈≈≈♣....#.#...#
...#
≈≈PP....#.#...#
##+#≈
≈≈≈♣....#.#...#
....♣
≈♣≈.#...#.....#
.....
♣≈...........#
?....♣
♣♣...........#


You could see an ogre.

Vanquished Creatures
  3 adders
  7 gnolls
  3 dart slugs
  3 endoplasms
  2 giant cockroaches
  5 goblins
  2 hobgoblins (D:1)
  3 kobolds (D:2)
  2 quokkas (D:2)
  2 ball pythons
  2 bats
  3 frilled lizards (D:1)
  2 rats (D:1)
39 creatures vanquished.

Vanquished Creatures (others)
  9 plants
9 creatures vanquished.

Grand Total: 48 creatures vanquished

Notes
Turn   | Place    | Note
-------+----------+-------------------------------------------
     0 | D:1      | mcbry74 the Minotaur Fighter began the quest for the Orb.
     0 | D:1      | Reached XP level 1. HP: 19/19 MP: 0/0
   128 | D:1      | Reached XP level 2. HP: 27/27 MP: 1/1
   741 | D:2      | Reached XP level 3. HP: 33/33 MP: 2/2
   986 | D:2      | Reached XP level 4. HP: 31/40 MP: 3/3
  1296 | D:3      | Found Qiepty's Weapon Emporium.
  1577 | D:3      | Noticed an ogre
  1580 | D:3      | Mangled by an ogre

Illustrated notes

Levels and vault maps discovered:
D:1:      beargit_arrival_greenhouse, layout_basic
D:2:      layout_basic, minmay_door_square, nicolae_grassy_gnolls
D:3:      layout_basic, gup_sewer_entry_bubbles,
          dreamdust_ecumenical_altar_hidden_monk_grotto,
          ebering_ghost_rock_garden, serial_shops, shop, serial_bayou_lagoon_b

Skill      XL: |  1  2  3 |
---------------+----------+-----
Fighting       | 4 |  4.0
Armour         | 4 |  4.8
Shields        | 4 |  4.0
Axes           | 3 4 |  4.9

Action                   |  1- 3 |  4- 6 || total
-------------------------+-------+-------++-------
Melee: War axe           |    54 |    33 ||    87
       Headbutt          |     5 |     5 ||    10
Armor: Scale mail        |    22 |    24 ||    46
Dodge: Dodged            |    24 |    20 ||    44
Block: Buckler           |    12 |    12 ||    24
